Cogmind - Beta 13 @@@ ROGUE MODE // 2024.04.27 @ 19:55:00 Player: A Foxgirl OWO Result: Destroyed by S-10 Pest with Light Assault Rifle Performance ------------- Evolutions (0) 0 Regions Visited (1) 200 Robots Destroyed (11) 55 Value Destroyed (376) 376 Prototype IDs (0) 0 Alien Tech Used (0) 0 Bonus (0) 0 TOTAL SCORE: 631 Bonus ------- None Cogmind --------- Core Integrity 0/250 Matter 220/300 Energy 100/100 System Corruption 5% Temperature Cool (0) Movement Core (1350) Ox26 Location -10/Materials Parts ------- > --- POWER (1) -------- (None) > --- PROPULSION (2) --- (None) > --- UTILITY (2) ------ Huge Storage Unit > --- WEAPON (2) ------- Small Laser > --- INVENTORY (25) --- Ion Engine Ion Engine Aluminum Leg Aluminum Leg Aluminum Leg Aluminum Leg Aluminum Leg Aluminum Leg Small Storage Unit Large Matter Pod (61) Structural Scanner Hardened Light Armor Plating Peak State ------------ > --- POWER ------------ Improved Ion Engine > --- PROPULSION ------- Aluminum Leg Aluminum Leg > --- UTILITY ---------- Small Storage Unit Hardened Light Armor Plating > --- WEAPON ----------- Heavy Assault Rifle Heavy Assault Rifle > --- INVENTORY -------- Ion Engine Ion Engine Aluminum Leg Large Matter Pod Structural Scanner Hardened Light Armor Plating Small Laser Heavy Assault Rifle [Rating: 12] Favorites ----------- Power Ion Engine Engine Ion Engine Propulsion Aluminum Leg Treads Light Treads Leg Aluminum Leg Utility Small Storage Unit Storage Small Storage Unit Protection Hardened Light Armor Plating Weapon Heavy Assault Rifle Energy Gun Small Laser Ballistic Gun Heavy Assault Rifle Build | -11 -10 ------- Run | Yrd Mat Slots Evolved . | . . Power . | . . Propulsion . | . . Utility . | . . Weapon . | . . Parts Attached 22 | 7 15 Power 5 | 2 3 Engine 5 | 2 3 Core . | . . Reactor . | . . Propulsion 6 | 2 4 Treads 2 | 2 . Leg 4 | . 4 Wheel . | . . Hover . | . . Flight . | . . Utility 5 | 1 4 Device . | . . Storage 2 | 1 1 Processor . | . . Hackware . | . . Protection 3 | . 3 Artifact . | . . Weapon 6 | 2 4 Energy Gun 1 | . 1 Energy Cannon . | . . Ballistic Gun 5 | 2 3 Ballistic Cannon . | . . Launcher . | . . Special Weapon . | . . Impact Weapon . | . . Slashing Weapon . | . . Piercing Weapon . | . . Special Melee Weapon . | . . Unidentified Prototypes . | . . Parts Lost 5 | . 5 Power 1 | . 1 Propulsion 2 | . 2 Utility 1 | . 1 Weapon 1 | . 1 Highest Loss Streak 5 | . 5 To Critical Strikes . | . . Average Slot Usage (%) 91 | . 91 Engine 14 | . 14 Treads 11 | . 11 Leg 14 | . 14 Storage 14 | . 14 Protection 11 | . 11 Energy Gun 1 | . 1 Ballistic Gun 24 | . 24 Naked Turns . | . . Heaviest Build 98 | 13 98 Greatest Support 40 | 40 40 Greatest Overweight (x) 9 | . 9 Average Overweight (x) . | . 1 Largest Inventory Capacity 25 | 8 25 Average Capacity 14 | 6 15 Most Carried 14 | 4 14 Average Carried 7 | 2 8 Final Capacity 25 | 8 25 Final Carried 12 | 4 12 Class Distribution -------------------- 100% | Mutant Dominant Class ---------------- Mutant | -10/Materials Resources | -11 -10 ----------- Run | Yrd Mat Matter Collected 561 | 214 347 Remotely . | . . Salvage Created 381 | . 381 Parts 29 | . 29 Haulers Intercepted . | . . Recyclers Shooed 1 | . 1 Parts Field Recycled . | . . Retrieved Matter . | . . Parts Self-Destructed . | . . Prevented . | . . Kills | -11 -10 ------- Run | Yrd Mat Combat Hostiles Destroyed 11 | . 11 Guns 11 | . 11 Classes Destroyed 2 | . 2 Swarmer 1 | . 1 Grunt 10 | . 10 Best Kill Streak 3 | . 3 Combat Bots Only 3 | . 3 Max Kills in Single Turn 1 | . 1 Gunslinging . | . . Exploded . | . . Melee . | . . Uniques/NPCs Destroyed . | . . Combat | -11 -10 -------- Run | Yrd Mat Hostile Shots Fired 158 | . 158 Missed 35 | . 35 Damage Taken 1133 | . 1133 Core 251 | . 251 Absorbed by Shields . | . . Regen/Repaired (Parts) 70 | . 70 Core Remaining (%) 100 | 100 . Volleys Fired 42 | . 42 Largest 2 | . 2 Hottest 63 | . 63 Shots Fired 81 | . 81 Gun 81 | . 81 Cannon . | . . Launcher . | . . Special . | . . Kinetic 69 | . 69 Thermal 12 | . 12 Explosive . | . . Electromagnetic . | . . Robot Hit Streak 10 | . 10 Robot Miss Streak 5 | . 5 Penetration Max . | . . Secondary Targets 2 | . 2 Max Gunslinging Chain 1 | . 1 Shots Hit Robots 55 | . 55 Core Hits 25 | . 25 Critical Kills . | . . Critical Parts Destroyed . | . . Critical Strikes . | . . Melee Attacks . | . . Impact . | . . Slashing . | . . Piercing . | . . Sneak Attacks . | . . Combat Hostiles . | . . Follow-up Attacks . | . . Damage Inflicted 601 | . 601 Guns 601 | . 601 Cannons . | . . Explosions . | . . Melee . | . . Ramming . | . . Kinetic 558 | . 558 Thermal 43 | . 43 Explosive . | . . Electromagnetic . | . . Impact . | . . Slashing . | . . Piercing . | . . Highest Corruption 5 | . 5 Average Corruption 3 | . 3 Corruption Purged . | . . Corruption Blocked . | . . Effects 22 | . 22 Message Errors 6 | . 6 Matter Fused 4 | . 4 Heat Flow Errors 3 | . 3 Energy Discharges 1 | . 1 Parts Rejected 5 | . 5 Data Loss (minor) 1 | . 1 Data Loss (major) 1 | . 1 Misfires 1 | . 1 Overload Shots . | . . Overflow Damage . | . . Projectiles . | . . Explosions . | . . Melee . | . . Knockbacks . | . . Impact . | . . Kinetic . | . . Secondary . | . . Self-Inflicted Damage . | . . Shots . | . . Rammed . | . . Targets Rammed . | . . Kicked . | . . Crushed . | . . Highest Temperature 248 | . 248 Average Temperature 85 | . 85 Received Heat Transfer 243 | . 243 Effects 2 | . 2 Interference 2 | . 2 Siege Activations . | . . Robots Corrupted . | . . Combat Hostiles . | . . Parts Fried . | . . Impact Corruptions . | . . Robots Melted . | . . Combat Hostiles . | . . Parts Melted . | . . Heat Transferred 100 | . 100 Parts Sabotaged . | . . Parts Stolen . | . . Parts Stripped . | . . Power Chain Reactions . | . . Alert | -11 -10 ------- Run | Yrd Mat Peak Influence 200 | . 200 Initial . | . . Average 62 | . 66 Maximum Alert Level 1 | . 1 Low Security (%) 93 | 100 93 Level 1 6 | . 6 Level 2 . | . . Level 3 . | . . Level 4 . | . . Level 5 . | . . High Security . | . . Max Security . | . . Squads Dispatched 3 | . 3 Investigation 1 | . 1 Extermination . | . . Reinforcement 2 | . 2 Assault . | . . Garrison . | . . Intercept . | . . Searches Triggered . | . . Construction Impeded . | . . Haulers Reinforced . | . . Active Scanning Responses . | . . Cargo Convoy Interrupts . | . . Stealth | -11 -10 --------- Run | Yrd Mat Distress Signals 2 | . 2 Communications Jammed . | . . Distress Signals . | . . Times Spotted 27 | . 27 Peak Tracking Total 5 | . 5 Tactical Retreats . | . . Traps | -11 -10 ------- Run | Yrd Mat Traps Triggered 4 | . 4 Indirectly . | . . Trap Hack Attempts . | . . Triggered . | . . Disarmed . | . . Reprogrammed . | . . Reused . | . . Traps Extracted . | . . Installed . | . . Triggered . | . . Machines | -11 -10 ---------- Run | Yrd Mat Machines Disabled . | . . Max in Single Turn . | . . Machines Repaired . | . . Machines Dismantled . | . . Machines Sabotaged . | . . Overloaded Fab Kills . | . . Hacking | -11 -10 --------- Run | Yrd Mat Machines Accessed 5 | . 5 Terminals 4 | . 4 Fabricators . | . . Repair Stations 1 | . 1 Recycling Units . | . . Scanalyzers . | . . Garrison Access . | . . Total Hacks 9 | . 9 Successful 5 | . 5 Failed 4 | . 4 Catastrophic . | . . Database Lockouts . | . . Manual 2 | . 2 Terminals 5 | . 5 Fabricators . | . . Repair Stations 4 | . 4 Recycling Units . | . . Scanalyzers . | . . Garrison Access . | . . Terminal Hacks 2 | . 2 Robot Analysis 1 | . 1 Alert Level 1 | . 1 Fabricator Hacks . | . . Repair Station Hacks 3 | . 3 Scan Component 1 | . 1 Repair 1 | . 1 Refit 1 | . 1 Recycling Unit Hacks . | . . Scanalyzer . | . . Garrison Access Hacks . | . . Unauthorized Hacks . | . . Terminals . | . . Fabricators . | . . Repair Stations . | . . Recycling Units . | . . Scanalyzers . | . . Garrison Access . | . . Data Cores Recovered . | . . Used . | . . Hacking Detections 5 | . 5 Full Trace Events . | . . Feedback Events . | . . Feedback Blocked . | . . Robot Schematics Acquired . | . . Robots Built . | . . Authchips . | . . Time . | . . Total Robot Build Rating . | . . Part Schematics Acquired . | . . Parts Built . | . . Authchips . | . . Time . | . . Total Part Build Rating . | . . Parts Repaired 1 | . 1 Time 26 | . 26 Parts Recycled . | . . Recycled Matter . | . . Retrieved Matter . | . . Retrieved Components . | . . Parts Scanalyzed . | . . Part Schematics Acquired . | . . Parts Damaged . | . . Bothacking | -11 -10 ------------ Run | Yrd Mat Used RIF Installer . | . . Robots Hacked . | . . Non-combat . | . . Combat . | . . Robot Hacks Applied . | . . Relay Couplers Released . | . . Fabnet Peak Effective % . | . . Robots Rewired . | . . Allies Hacked . | . . Hacks Repelled . | . . Allies | -11 -10 -------- Run | Yrd Mat Total Allies . | . . Largest Group . | . . Highest-Rated Group . | . . Highest-Rated Ally . | . . Total Orders . | . . Ally Attacks . | . . Total Damage . | . . Kills . | . . Allies Corrupted . | . . Allies Melted . | . . Intel | -11 -10 ------- Run | Yrd Mat Robot Analysis Total 1 | . 1 Derelict Logs Recovered . | . . Drone Launches . | . . Drone Recoveries . | . . Exploration | -11 -10 ------------- Run | Yrd Mat Turns Passed 1225 | 82 1143 Spaces Moved 476 | 45 431 Core 3 | 3 . Treads 286 | 42 244 Legs 187 | . 187 Wheels . | . . Hover . | . . Flight . | . . Fastest Speed 50 | 50 120 Average Speed 211 | 152 217 Slowest Speed 750 | 160 750 Overloaded Moves . | . . Propulsion Burnouts . | . . Robots Hopped . | . . Cave-ins Triggered . | . . Exploration Rate (%) 33 | 4 62 Regions Visited 1 Branch Regions . Pre-discovered Areas . | . . Known Exits Taken . | . . Unknown Exits Taken 1 | 1 . Scrap Searched . | . . Spaces Dug . | . . Terrain Destroyed . | . . Melee . | . . Projectile . | . . AOE . | . . Terrain Rammed . | . . Walls Destroyed . | . . Machines Disabled . | . . Actions | -11 -10 --------- Run | Yrd Mat Total 619 | 55 564 Wait 49 | . 49 Move 475 | 44 431 Hop . | . . Pick Up 20 | 4 16 Fast Attach 8 | 6 2 Attach 6 | . 6 Detach . | . . Swap 8 | 1 7 Drop 11 | . 11 Fire 42 | . 42 Melee . | . . Ram . | . . Kick . | . . Crush . | . . Escape Stasis . | . . Rewire . | . . Trap . | . . Miscellaneous . | . . Route ------- -11/Scrapyard -10/Materials (discovered 2 exits: [*Mat x2]) History --------- Turn | Location | Event 12 | -11/Scrapyard | Discovered new exit (range 14) 83 | -11/Scrapyard | Entered Materials 268 | -10/Materials | Discovered new exit (range 4) 304 | -10/Materials | Build established: Mutant 583 | -10/Materials | Repaired Lgt. Treads 888 | -10/Materials | Discovered new exit (range 4) 1170 | -10/Materials | Core integrity fell below 50% 1209 | -10/Materials | Core integrity fell below 20% 1226 | -10/Materials | Destroyed by S-10 Pest with Light Assault Rifle Last Messages --------------- Overheating: System interference. Hvy. Assault Rifle temporarily disabled. Sml. Laser temporarily disabled. R-06 Scavenger collects Sml. Laser. R-06 Scavenger inserts Aluminum Leg into recycling unit. R-06 Scavenger inserts Sml. Laser into recycling unit. R-06 Scavenger inserts Aluminum Leg into recycling unit. R-06 Scavenger inserts Sml. Laser into recycling unit. Acquired 48 matter. R-06 Scavenger collects Heat Sink. 8BDJ Imp. Ion Engine destroyed. Map ----- +----------------------------------------------------+ | | | | | | | | | | | | | | | | | | | | | | | ????????????????????????????????????????? | | ????????????????????????????????????????? | | ????????????????????????????????????????? | | ????????????????????????????????????????? | | ????????????????????????????????????????? | | ????????????????????????????????????????? | | ????#####???????????????????????????????? | | ????# #???????????????????????????????? | | ????# < #????????###########????????????? | | ????# #????????# #????????????? | | ##### #????????# #????????????? | | #????????# """ """ #????????????? | | [ #????????# """ """ #????????????? | | #????????# """ """ #???????#????? | | #+#############??# @ #?????? #????? | | # """T""" #??# #????? #????? | | # #??# ss #???? #?????? | | # """ """ ########/#####??? #??????? | | # """"""""" # # ^ ##### # = # | | # """"" " + ""%+ " # | | # # "Y # %#??????? | | ###########/### "" # #??????? | | #?????????# #?# # = #??????? | | #?????????# #?###### #??????? | | #?????????# #??????# == #??????? | | #?????????# ??? =! #??????? | | #?????????+ #??????? | | #?????????# ##??????? | | #?????????###/############ ##+#???????? | | #????????????????????????? #??????????? | | ?????????????????????????? #??????????? | | ?????????????????????????? #??????????? | | ?????????????????????????? +??????????? | | ?????????????????????????? #??????????? | | ?????????????????????????? #??????????? | | ?????????????????????????? ??????????? | | ??????????????????????????? ??????????? | | ????????????????????????????"???????????? | | ????????????????????????????????????????? | +----------------------------------------------------+ Best States ------------- Heat Dissipation 25 Energy Generation 12 Energy Capacity 265 Matter Stores 300 Matter Capacity 300 Sight Range 16 Terrain Scan Density 10 Armor Coverage 150 Evasion (%) 55 Recoil Reduction 2 Item Schematics ----------------- None Robot Schematics ------------------ None Fabricated ------------ Nothing Alien Tech Used ----------------- None Achievements -------------- None Challenges ------------ None Game ------ Seed GlidesysAutogunInsulator Manual? 0 Play Time 00:10:50 Cumulative 7.5 hours Start 2024.04.27 @ 19:45:02 End 2024.04.27 @ 19:55:00 Sessions 1 Manual Loads 0 Difficulty Rogue Special Mode None Game No. 17 Rogue 17 Adventurer 0 Explorer 0 Win Type - Total 0 Types 0/0/0/0/0/0/0/0/0 Lore% 8 Gallery% 10 Achievement% 9 Wizard Run 0 Options --------- Layout 1 ASCII 0 Keyboard 0 Movement Mouse Keybinds 0 Fullscreen 0 Font 42/SmallcapsGlow Map View 50x35 Zoom Use 0% Tactical HUD 0 Map Filters NONE Filters NONE Steam 1 RUN: 754e0099-5c89-48da-b987-5d309aea71d8